 Dungeon Crawl Stone Soup version 0.24-a0-136-gad582e5 (webtiles) character file.

Game seed: 17025422267901612094

619 galech the Chopper (level 7, 0/54 HPs)
             Began as a Demonspawn Fighter on Feb 28, 2019.
             Slain by a sky beast (6 damage)
             ... on level 5 of the Dungeon.
             The game lasted 00:04:48 (3542 turns).

galech the Chopper (Demonspawn Fighter)             Turns: 3542, Time: 00:04:48

Health: 0/54       AC: 15    Str: 22    XL:     7   Next: 21%
Magic:  7/7        EV:  4    Int:  9    God:
Gold:   280        SH: 10    Dex: 14    Spells: 6/6 levels left

rFire    . . .     SeeInvis .   a - +0 war axe
rCold    . . .     Gourm    .   c - +0 shield
rNeg     . . .     Faith    .   o - +0 plate armour
rPois    .         Spirit   .   p - +0 helmet
rElec    .         Reflect  .   (no cloak)
rCorr    .         Harm     .   (no gloves)
MR       .....                  n - +1 pair of boots {Stlth+}
Stlth    ..........             (no amulet)
HPRegen  0.18/turn              e - ring of fire
MPRegen  0.10/turn              w - ring of ice

@: mighty
A: claws 1, powered by death 1, rot immunity
a: no special abilities


You were on level 5 of the Dungeon.
You were not hungry.

You visited 1 branch of the dungeon, and saw 5 of its levels.

You collected 280 gold pieces.

Inventory:

Hand Weapons
 a - a +0 war axe (weapon)
 q - a +0 falchion of protection
Armour
 c - a +0 shield (worn)
 n - a +1 pair of boots of stealth (worn)
 o - a +0 plate armour (worn)
 p - a +0 helmet (worn)
 u - a +1 leather armour of poison resistance
Jewellery
 e - a ring of fire (left claw)
 w - a ring of ice (right claw)
Wands
 s - a wand of paralysis (10)
Scrolls
 g - 6 scrolls of remove curse
 h - a scroll of random uselessness
 i - a scroll of blinking
 l - 2 scrolls of amnesia
 m - a scroll of magic mapping
 r - a scroll of teleportation {unknown}
Potions
 b - a potion of magic
 j - 2 potions of mutation
 k - 2 potions of degeneration
 t - a potion of brilliance {unknown}
 v - a potion of resistance {unknown}
Comestibles
 f - 7 rations
 x - a chunk of flesh


   Skills:
 + Level 4.1 Fighting
 + Level 5.2 Axes
 + Level 4.0 Armour
 + Level 0.7 Dodging
 + Level 3.9 Shields


You had 6 spell levels left.
You didn't know any spells.
Your spell library was empty.

Dungeon Overview and Level Annotations

Branches:
Dungeon (5/15)
 Temple: D:4-7

Altars:
Dithmenos
Elyvilon
Kikubaaqudgha

Shops:
D:4 [   D:5 [


Innate Abilities, Weirdness & Mutations

You have sharp fingernails.
You regenerate a little health from kills.
You are immune to rotting.


Message History

You slash the sky beast!
The sky beast is almost dead.
The sky beast hits you but does no damage.
The sky beast flickers out of sight!
Deactivating autopickup; reactivate with Ctrl-A.
Something hits you but does no damage.
You miss something. Something hits you.
* * * LOW HITPOINT WARNING * * *
Something shocks you.
* * * LOW HITPOINT WARNING * * *
Your plate armour prevents you from hitting something.
Something hits you but does no damage.
You closely miss something.
Something hits you but does no damage. x2
You feel very mighty all of a sudden. Something hits you but does no damage.
You miss something. Something hits you but does no damage.
You closely miss something. Something hits you.
* * * LOW HITPOINT WARNING * * *
Something shocks you.
You die...

#### #.....# ####...##
####.###.#
.....)..########....###.#
...............#+#.......
.##....######.'∩'..###..
####....# ###'##.# ###
#....# #..##... #....#
#.####### #.@..# #.#
#...{.....#.#
#...?.....#.#
...........#.#
.............#(#
......!......#..
.............#.#
.....####+####


There were no monsters in sight!

Vanquished Creatures
  An ogre (D:4)
  A centaur (D:4)
  2 orc priests
  A centaur skeleton (D:4)
  Jessica (D:2)
  An iguana (D:4)
  Terence (D:3)
  3 orc wizards (D:4)
  Ijyb (D:3)
  A worker ant (D:4)
  A hound skeleton (D:4)
  Robin (D:3)
  3 adders
  A shadow imp (D:5)
  2 oozes
  2 adder skeletons (D:4)
  A worm (D:3)
  A dart slug (D:5)
  5 leopard geckos
  10 orcs
  10 bats
  4 giant cockroaches
  13 goblins
  4 hobgoblins
  4 jackals (D:4)
  A ball python (D:3)
  3 frilled lizards
  5 kobolds
  3 rats
87 creatures vanquished.

Notes
Turn   | Place    | Note
-------+----------+-------------------------------------------
     0 | D:1      | galech the Demonspawn Fighter began the quest for the Orb.
     0 | D:1      | Reached XP level 1. HP: 18/18 MP: 1/1
   106 | D:1      | Gained mutation: You are immune to rotting. [demonic
                  | ancestry]
   106 | D:1      | Reached XP level 2. HP: 21/24 MP: 2/2
   367 | D:1      | Reached skill level 2 in Axes
   770 | D:2      | Reached XP level 3. HP: 24/29 MP: 3/3
   783 | D:2      | Noticed Jessica
   785 | D:2      | Killed Jessica
   983 | D:2      | Reached XP level 4. HP: 35/35 MP: 4/4
  1205 | D:3      | Noticed Robin
  1231 | D:3      | Killed Robin
  1478 | D:3      | Noticed Terence
  1489 | D:3      | Killed Terence
  1489 | D:3      | Reached skill level 3 in Axes
  1489 | D:3      | Gained mutation: You regenerate a little health from kills.
                  | [demonic ancestry]
  1489 | D:3      | Reached XP level 5. HP: 39/41 MP: 5/5
  1761 | D:3      | Noticed Ijyb
  1768 | D:3      | Paralysed by Ijyb for 5 turns
  1777 | D:3      | Paralysed by Ijyb for 3 turns
  1781 | D:3      | Killed Ijyb
  2015 | D:3      | Found an ancient bone altar of Kikubaaqudgha.
  2021 | D:3      | Found a shadowy altar of Dithmenos.
  2134 | D:4      | Found Pijaob's Armour Boutique.
  2135 | D:4      | Noticed an ogre
  2143 | D:4      | Killed an ogre
  2143 | D:4      | Reached skill level 4 in Axes
  2143 | D:4      | Gained mutation: You have sharp fingernails. [demonic
                  | ancestry]
  2143 | D:4      | Reached XP level 6. HP: 29/48 MP: 6/6
  2608 | D:4      | Reached skill level 5 in Axes
  3143 | D:4      | Reached XP level 7. HP: 46/54 MP: 7/7
  3364 | D:5      | Entered Level 5 of the Dungeon
  3420 | D:5      | Found a white marble altar of Elyvilon.
  3468 | D:5      | Found Jyitim's Antique Armour Shoppe.
  3542 | D:5      | Slain by a sky beast

Levels and vault maps discovered:
D:1:      lightli_arrival_lavapool, layout_loops_ring, serial_glass,
          glass_columns_c, glass_columns_c
D:2:      layout_basic, first_ration, uniq_jessica
D:3:      layout_loops_ring, minitemple, uniq_terence, uniq_robin, uniq_ijyb
D:4:      layout_basic, serial_shops, nicolae_shop_crystal
D:5:      layout_basic, kennysheep_little_box,
          chequers_temple_overflow_minitemple, basic_altar, serial_shops,
          nicolae_shop_behind_doors, minmay_manual_mullet, uniq_menkaure

Skill      XL: |  1  2  3  4  5  6  7 |
---------------+----------------------+-----
Shields        | 3 |  3.9
Axes           | 2 3 4 5 |  5.2
Armour         | 3 4 |  4.0
Fighting       | 4 |  4.1
Dodging        | |  0.7

Action                   |  1- 3 |  4- 6 |  7- 9 || total
-------------------------+-------+-------+-------++-------
Melee: War axe           |   104 |   214 |    73 ||   391
  Use: Scroll            |       |     7 |     1 ||     8
       Potion            |       |       |     1 ||     1
  Eat: Chunk             |       |     7 |       ||     7
       Ration            |       |       |     1 ||     1
Armor: Scale mail        |    64 |     1 |       ||    65
       Plate armour      |       |   148 |    63 ||   211
Dodge: Dodged            |    46 |    36 |     4 ||    86
Block: Shield            |    78 |   110 |    21 ||   209

Table legend:
 A = Non-vault XP
 B = Vault XP
 C = Vault XP percentage of total XP
 D = Non-vault monster count
 E = Vault monster count
 F = Vault count percentage of total count
                 A         B        C        D         E       F
            +---------+---------+-------+---------+---------+-------
      Total |     744 |     141 |  15.9 |      73 |      14 |  16.1
            +---------+---------+-------+---------+---------+-------
        D:1 |      40 |       0 |   0.0 |      19 |       0 |   0.0
        D:2 |      23 |      37 |  61.7 |       7 |       1 |  12.5
        D:3 |      84 |     104 |  55.3 |      15 |      13 |  46.4
        D:4 |     557 |       0 |   0.0 |      26 |       0 |   0.0
        D:5 |      40 |       0 |   0.0 |       6 |       0 |   0.0
            +---------+---------+-------+---------+---------+-------
